 Dungeon Crawl Stone Soup version 0.31-a0-691-g409c26aa35 (webtiles) character file.

Game seed: 2867812746091091330

2870 Pooter the Cleaver (level 9, -3/81 HPs)
             Began as a Minotaur Berserker on Sept 6, 2023.
             Was a Priest of Trog.
             Slain by a gnoll sergeant
             ... wielding a +0 glaive
              (13 damage)
             ... in a bailey.
             The game lasted 00:33:14 (5936 turns).

Pooter the Cleaver (Minotaur Berserker)             Turns: 5936, Time: 00:33:15

Health: -3/81      AC: 15    Str: 27    XL:     9   Next: 47%
Magic:  8/8        EV:  2    Int:  4    God:    Trog [***...]
Gold:   41         SH: 16    Dex:  9    Spells: 8/8 levels left

rFire   + . .        a - +0 war axe
rCold   + . .        i - +0 tower shield
rNeg    + . .        B - +0 gold dragon scales
rPois   +            (helmet restricted)
rElec   .            (no cloak)
rCorr   .            (no gloves)
SInv    .            p - +0 pair of boots
Will    ++...        s - amulet of reflection Stlth
                     N - ring of positive energy
HPRegen 1.33/turn    x - ring of flight
MPRegen 0.11/turn

%: reflection
@: strong-willed (expiring), on berserk cooldown, flying, regenerating
(expiring), slowed, very slow
A: horns 2, retaliatory headbutt
a: Renounce Religion, Berserk, Trog's Hand


You were in a bailey.
You worshipped Trog.
Trog was most pleased with you.
You visited 1 branch of the dungeon, and saw 7 of its levels.
You also visited: Bailey.

You collected 354 gold pieces.
You spent 313 gold pieces at shops.

Inventory:

Hand Weapons
 a - a +0 war axe (weapon)
   (You found it on level 3 of the Dungeon)
 b - the +8 sling "Jahob" {drain, Str+6 Dex-4}
   (You found it on level 5 of the Dungeon)

   Str+6:     It affects your strength (+6).
   Dex-4:     It affects your dexterity (-4).
 r - a +0 trident
   (You took it off an orc on level 3 of the Dungeon)
 v - a +2 scythe of flaming
   (You took it off Sigmund on level 2 of the Dungeon)
Missiles
 A - a throwing net {!f}
 C - 23 poisoned darts
 E - 9 boomerangs (quivered)
 Q - 42 stones
Armour
 i - a +0 tower shield (worn)
   (You found it on level 6 of the Dungeon)
 k - a +0 chain mail
   (You found it on level 2 of the Dungeon)
 p - a +0 pair of boots (worn)
   (You found it on level 2 of the Dungeon)
 B - +0 gold dragon scales (worn)
   (You found it on level 5 of the Dungeon)
Jewellery
 d - an amulet of the acrobat
   (You found it on level 1 of the Dungeon)
 e - an amulet of faith {!P}
   (You found it on level 1 of the Dungeon)
 s - an amulet of reflection (around neck)
   (You found it on level 3 of the Dungeon)
 x - a ring of flight (right hand)
   (You found it on level 4 of the Dungeon)
 N - a ring of positive energy (left hand)
   (You found it on level 3 of the Dungeon)
Wands
 f - a wand of flame (10)
   (You found it on level 5 of the Dungeon)
 u - a wand of paralysis (3)
   (You took it off Ijyb on level 5 of the Dungeon)
 y - a wand of roots (2)
   (You bought it in a shop on level 2 of the Dungeon)
 D - a wand of digging (1)
   (You found it in a bailey)
 F - a wand of polymorph (4)
   (You bought it in a shop on level 2 of the Dungeon)
Scrolls
 c - a scroll of noise {unknown}
 g - 2 scrolls of brand weapon {unknown}
 j - a scroll of revelation
 m - a scroll of poison
 n - 2 scrolls of vulnerability {unknown}
 q - 2 scrolls of enchant weapon {unknown}
 t - 3 scrolls of teleportation {@r4}
 z - a scroll of fog
Potions
 h - a potion of curing {unknown}
 l - 2 potions of might
 o - a potion of invisibility {unknown}
 w - 2 potions of haste {@q3}
 G - a potion of degeneration {unknown}
 H - a potion of brilliance {unknown}
 I - 2 potions of lignification {unknown}


   Skills:
 + Level 7.8 Fighting
 * Level 9.2(10.1) Axes
 - Level 6.4(8.7) Polearms
 * Level 7.3 Ranged Weapons
 + Level 4.0 Armour
 - Level 2.1 Dodging
 + Level 2.8 Shields


You had 8 spell levels left.
You didn't know any spells.
Your spell library was empty.

Dungeon Overview and Level Annotations

Branches:
Dungeon (7/15) Zot: 26832  Temple (0/1) D:6          Bailey (1/1) Zot: 5416

Altars:
Fedhas
Nemelex Xobeh
Qazlal
Ru

Shops:
D:2 ?*((

Annotations:
D:5 1 runed translucent door, Crazy Yiuf


Innate Abilities, Weirdness & Mutations

You have a pair of horns on your head.
You reflexively headbutt those who attack you in melee.


Message History

You barely miss the gnoll bouda.
The gnoll is no longer moving quickly.
You block the gnoll sergeant's attack.
The gnoll bouda calls upon its god to heal the gnoll sergeant.
The gnoll sergeant is healed somewhat.
You block the gnoll's attack. The gnoll hits you but does no damage.
The gnoll sergeant hits you but does no damage. x2
Your Axes skill increases to level 9!
You hit the gnoll sergeant but do no damage. x2
You slash the gnoll bouda!
You kill the gnoll bouda!
Trog accepts your kill.
You slash the gnoll sergeant!
You kill the gnoll sergeant!
Trog accepts your kill.
You barely miss the gnoll sergeant. You barely miss the gnoll.
You block the gnoll sergeant's attack.
The gnoll sergeant hits you with a +0 halberd!
* * * LOW HITPOINT WARNING * * *
You block the gnoll's attack.
The gnoll hits you from afar with a +0 trident.
* * * LOW HITPOINT WARNING * * *
The gnoll sergeant hits you but does no damage.
You block the gnoll sergeant's attack.
You slash the gnoll sergeant! You closely miss the gnoll sergeant.
You barely miss the gnoll sergeant. You hit the gnoll.
You kill the gnoll!
Trog accepts your kill. You block the gnoll sergeant's attack.
The gnoll sergeant hits you but does no damage.
You block the gnoll's attack.
The gnoll sergeant hits you with a +0 halberd!
* * * LOW HITPOINT WARNING * * *
You slash the gnoll sergeant!
You kill the gnoll sergeant!
Trog accepts your kill.
You hit the gnoll sergeant. You slash the gnoll sergeant!
You kill the gnoll sergeant!
Trog accepts your kill.
You feel the effects of Trog's Hand fading.
The gnoll is no longer moving quickly.
You block the gnoll sergeant's attack. x2
The gnoll completely misses you.
Your Armour skill increases to level 4!
You slice the gnoll sergeant!!
You kill the gnoll sergeant!
Trog accepts your kill.
You are no longer berserk.
You are exhausted.
You feel yourself slow down.
The gnoll sergeant hits you from afar with a +0 glaive!
You die...

.≈..#[#...#####..)).#..≈♣
.≈..#.'..## .##.)).#..≈♣
.≈..###### .###'##..≈♣
....+ .#......≈♣ ....+
'......≈♣ ....+ #gg....≈♣
.≈..# ###g##..≈♣ .≈..#
##))..#..≈♣ .≈..#
#)@)).#..≈♣ .≈..#
......)))g.#..≈♣ .≈..#
..........##..≈♣ .≈..###
.......8.##...≈♣
♣≈≈...#############...≈≈♣
♣♣≈≈≈≈≈≈≈≈≈≈≈≈≈≈≈≈≈≈≈≈≈♣♣
♣♣♣♣♣♣♣♣♣♣♣♣♣♣♣♣♣♣♣♣♣♣♣


You could see 2 gnoll sergeants and a gnoll.

Vanquished Creatures
  Grinder (D:5)
  Sigmund (D:2)
  Edmund (D:5)
  An orc warrior (D:6)
  An ice beast (D:5)
  A black bear (D:5)
  6 wolves (Bailey)
  4 centaurs
  A kobold brigand (D:6)
  A bullfrog (D:6)
  7 gnoll sergeants (Bailey)
  A howler monkey (D:4)
  A jelly (D:5)
  4 gnoll boudas (Bailey)
  An orc priest (D:5)
  4 hounds
  4 iguanas
  3 orc wizards (D:5)
  Ijyb (D:5)
  17 gnolls
  5 adders
  A worm (D:4)
  A dart slug (D:1)
  16 orcs
  9 ball pythons
  4 bats
  10 endoplasms
  A giant cockroach (D:1)
  12 goblins
  9 hobgoblins
  4 jackals (D:1)
  4 quokkas
  A frilled lizard (D:1)
  10 kobolds
  7 rats
155 creatures vanquished.

Notes
Turn   | Place    | Note
-------+----------+-------------------------------------------
     0 | D:1      | Pooter the Minotaur Berserker began the quest for the Orb.
     0 | D:1      | Reached XP level 1. HP: 19/19 MP: 0/0
   126 | D:1      | Reached skill level 4 in Axes
   137 | D:1      | Reached XP level 2. HP: 27/27 MP: 1/1
   495 | D:1      | Reached ** piety under Trog
   510 | D:1      | Reached XP level 3. HP: 28/33 MP: 2/2
   780 | D:2      | Found Qunociah's Magic Scroll Shop.
   789 | D:2      | Bought a scroll of identify for 26 gold pieces
   789 | D:2      | Bought a scroll of identify for 26 gold pieces
   791 | D:2      | Found Zig Xala's Assorted Antiques.
   909 | D:2      | Noticed Sigmund
   920 | D:2      | Killed Sigmund
   921 | D:2      | Reached skill level 5 in Fighting
   921 | D:2      | Reached skill level 6 in Axes
   921 | D:2      | Reached XP level 4. HP: 42/42 MP: 3/3
   921 | D:2      | Reached XP level 5. HP: 48/48 MP: 4/4
  1000 | D:2      | Found Ivosk's Antique Weapon Shop.
  1062 | D:2      | Bought a scroll labelled DEPHOI ZIRUY for 24 gold pieces
  1062 | D:2      | Bought a scroll labelled ZUDIW IVAA for 24 gold pieces
  1277 | D:2      | Bought a white potion for 21 gold pieces
  1359 | D:2      | Found Reesh's Antique Weapon Boutique.
  1822 | D:3      | Reached skill level 1 in Polearms
  2082 | D:3      | Reached skill level 1 in Ranged Weapons
  2285 | D:3      | Reached XP level 6. HP: 55/56 MP: 5/5
  2327 | D:3      | Reached *** piety under Trog
  3274 | D:5      | Entered Level 5 of the Dungeon
  3450 | D:5      | Noticed Edmund
  3461 | D:5      | Killed Edmund
  3462 | D:5      | Reached XP level 7. HP: 62/62 MP: 6/6
  3559 | D:2      | Bought a forked brass wand for 96 gold pieces
  3597 | D:5      | Noticed Grinder
  3598 | D:5      | Paralysed by Grinder for 2 turns
  3601 | D:5      | Killed Grinder
  3602 | D:5      | Reached skill level 7 in Axes
  3651 | D:5      | Identified the +0 ring mail "Liytsed" {*Slow +Blink rN+++
                  | Regen+ Str-5}
  3822 | D:5      | Reached skill level 5 in Polearms
  3822 | D:5      | Reached XP level 8. HP: 71/71 MP: 7/7
  3884 | D:5      | Found a sparkling altar of Nemelex Xobeh.
  3886 | D:5      | Noticed Ijyb
  3909 | D:5      | Paralysed by Ijyb for 3 turns
  3918 | D:5      | Killed Ijyb
  3919 | D:5      | Reached skill level 5 in Ranged Weapons
  3938 | D:5      | Identified the +8 sling "Jahob" {drain, Str+6 Dex-4}
  4198 | D:5      | Found a runed translucent door.
  4199 | D:5      | Noticed Crazy Yiuf
  4312 | D:6      | Found a stormy altar of Qazlal.
  4331 | D:6      | Found a staircase to the Ecumenical Temple.
  4770 | D:6      | Found a sacrificial altar of Ru.
  4865 | D:2      | Bought a runed ivory wand for 96 gold pieces
  4996 | D:6      | Reached **** piety under Trog
  5003 | D:6      | Reached skill level 8 in Axes
  5074 | D:6      | Found a blossoming altar of Fedhas.
  5253 | D:7      | Reached skill level 1 in Shields
  5380 | D:7      | Found a flagged portal.
  5392 | Bailey   | Entered a bailey
  5665 | Bailey   | Reached XP level 9. HP: 79/79 MP: 8/8
  5933 | Bailey   | Reached skill level 9 in Axes
  5936 | Bailey   | Slain by a gnoll sergeant

Illustrated notes

Levels and vault maps discovered:
D:1:      dpeg_arrival_houses_and_road, layout_loops_ring
D:2:      layout_loops_ring, serial_forest, infiniplex_forest_straight_2,
          infiniplex_forest_clump_diagonal, infiniplex_forest_clump_double,
          infiniplex_forest_corner_2, infiniplex_forest_clump_tiny,
          infiniplex_forest_clump_small, infiniplex_forest_clump_small,
          infiniplex_forest_straight_5, infiniplex_forest_clump_small,
          infiniplex_forest_end_2, serial_shops, shop, shop,
          nicolae_shop_overgrown_old_shop, nicolae_shop_stone, uniq_sigmund
D:3:      wander_river, layout_basic
D:4:      layout_basic, minmay_misc_feat_alley, minmay_crystal_room
D:5:      layout_basic, mainiacjoe_overflow_catwalk, mrwooster_statue_mirror,
          kennysheep_generic_room_16, uniq_grinder, uniq_edmund,
          uniq_crazy_yiuf_cottage, uniq_ijyb
D:6:      hellmonk_crumbling_castle, layout_cave_pools, general_overflow_altar,
          nicolae_ru_sacrificial_ziggurat, mainiacjoe_overflow_six_doors_small,
          minmay_temple_entry_crystal_x
D:7:      layout_basic, lightli_bailey_entry_fortress, minivault_25
Bailey:   bailey_polearm_gnolls_kennysheep, bailey

Skill      XL: |  1  2  3  4  5  6  7  8  9 |
---------------+----------------------------+-----
Axes           | 4 6 7 8 9 |  9.2
Fighting       | 4 5 6 7 |  7.8
Polearms       | 1 3 5 6 |  6.4
Ranged Weapons | 1 3 4 6 7 |  7.3
Shields        | 1 2 |  2.8
Armour         | 3 4 |  4.0
Dodging        | |  2.1

Action                     |  1- 3 |  4- 6 |  7- 9 || total
---------------------------+-------+-------+-------++-------
  Melee: Hand axe          |    69 |       |       ||    69
         Headbutt          |     5 |     5 |    17 ||    27
         Halberd           |       |   140 |    39 ||   179
         War axe           |       |       |    62 ||    62
   Fire: Sling             |       |     3 |    47 ||    50
  Throw: Boomerang         |       |     3 |    12 ||    15
 Invoke: Berserk           |     2 |     1 |     5 ||     8
         Trog's Hand       |       |       |     6 ||     6
  Evoke: Wand              |       |       |     3 ||     3
    Use: Scroll            |     2 |       |     2 ||     4
         Potion            |       |       |     3 ||     3
 Armour: Animal skin       |    27 |       |       ||    27
         Chain mail        |     2 |    71 |    26 ||    99
         Gold dragon scale |       |       |   204 ||   204
  Dodge: Dodged            |    55 |    43 |    29 ||   127
  Block: Tower shield      |       |       |   132 ||   132
         Reflection        |       |       |     4 ||     4

Table legend: (Time is in decaauts)
 A = Elapsed time spent in this place.
 B = Non-inter-level travel time spent in this place.
 C = Inter-level travel time spent in this place.
 D = Time resting spent in this place.
 E = Time spent auto-exploring this place.
 F = Levels seen in this place.
 G = Mean time per level.
                   A        B        C        D        E       F      G
               +--------+--------+--------+--------+--------+-----+--------+
         Total |   6145 |   5705 |    440 |   1111 |   3376 |   8 |  768.1 |
       Dungeon |   5563 |   5123 |    440 |    727 |   3376 |   7 |  794.7 |
        Bailey |    582 |    582 |      0 |    384 |      0 |   1 |  582.0 |
               +--------+--------+--------+--------+--------+-----+--------+

Top non-repeatable levels by time:
     D:3: 1071 daAuts
     D:4: 945 daAuts
     D:2: 892 daAuts
     D:5: 875 daAuts
     D:6: 847 daAuts
     D:1: 763 daAuts
  Bailey: 582 daAuts
     D:7: 167 daAuts
